 Dungeon Crawl Stone Soup version 0.30-a0-168-g0b976cbdc4 (webtiles) character file.

Game seed: 13707407181517310182

16 dave1331 the Trooper (level 2, -1/27 HPs)
             Began as a Hill Orc Fighter on Sept 29, 2022.
             Killed from afar by Sigmund (5 damage)
             ... with a puff of flame
             ... on level 2 of the Dungeon.
             The game lasted 00:07:47 (693 turns).

dave1331 the Trooper (Hill Orc Fighter)              Turns: 693, Time: 00:07:48

Health: -1/27      AC:  8    Str: 18    XL:     2   Next: 58%
Magic:  11/11      EV:  9    Int:  8    God:
Gold:   49         SH:  0    Dex: 10    Spells: 1/1 levels left

rFire   . . .      SeeInvis .    a - +0 war axe
rCold   . . .      Faith    .    c - +0 buckler
rNeg    . . .      Spirit   .    b - +0 scale mail
rPois   .          Reflect  .    (no helmet)
rElec   .          Harm     .    (no cloak)
rCorr   .          Rampage  .    (no gloves)
Will    .....                    e - +0 pair of boots
Stlth   ..........               (no amulet)
HPRegen 0.09/turn                g - ring of magical power
MPRegen 0.12/turn                (no ring)

@: confused
A: no striking features
a: no special abilities


You were on level 2 of the Dungeon.
You visited 1 branch of the dungeon, and saw 2 of its levels.

You collected 49 gold pieces.

Inventory:

Hand Weapons
 a - a +0 war axe (weapon)
Armour
 b - a +0 scale mail (worn)
 c - a +0 buckler (worn)
 e - a +0 pair of boots (worn)
Jewellery
 g - a ring of magical power (left hand)
 i - a ring of ice
Wands
 h - a wand of mindburst (10) (quivered)
Potions
 d - a potion of might
 f - a potion of brilliance {unknown}


   Skills:
 + Level 3.9 Fighting
 + Level 3.1 Axes
 + Level 3.5 Armour
 + Level 3.5 Shields


You had one spell level left.
You didn't know any spells.
Your spell library contained the following spells:

 Spells                   Type           Power      Damage    Failure   Level
 Inner Flame              Hex/Fire       0%         N/A       99%         3
 Cause Fear               Hex            0%         N/A       100%        4
 Discord                  Hex            0%         N/A       100%        8


Dungeon Overview and Level Annotations

Branches:
Dungeon (2/15)

Altars:

Shops:
D:1 !

Annotations:
D:2 Sigmund


Message History

You climb downwards.
Found a shiny ivory wand.
Found an escape hatch in the floor.
There is a stone staircase leading up here.
h - a wand of mindburst (12)
Found a runed ruby ring.
Found a scale mail.
i - a ring of ice
Found a stone staircase leading up.
You see here a +0 scale mail.
You see here a +0 scale mail.
Sigmund and a bat come into view.
Found a stone staircase leading down.
Sigmund shouts!
Sigmund casts a spell.
Sigmund flickers and vanishes!
Deactivating autopickup; reactivate with Ctrl-A.
Aiming: Mindburst
Press: ? - help, Q - select action Shift-Dir - straight line, f - bat
Aim: a bat (chance to affect: 79%)
The bat's mind is blasted!
You blow up the bat!
Aiming: Mindburst
Press: ? - help, Q - select action Shift-Dir - straight line Something's mind is blasted!
Something hits you. Something hits you but does no damage.
You hit something but do no damage.
You hear some strange, mumbled words.
You are confused.
You miss something. Something hits you.
You hear some strange, mumbled words.
Something tries to affect you, but you resist.
Something hits you! Something hits you!
* * * LOW HITPOINT WARNING * * *
You miss something.
You hear some strange, mumbled words.
A puff of flame appears from out of thin air!
The puff of flame hits you.
You die...

#.....##...###....###.....
#..[..##...##.....#.......
#####.##...##.....#.......
#......##.#.......#
#......#...>......####
#......#.......<.....#
#......#..........#...
####...#....#####.# .#
#####@........ .# .
#...{.......>. ##
#...####...#.. #... ...#
#.. ...# #.. ..# #. ..# #.
.#


There were no monsters in sight!

Vanquished Creatures
  A dart slug (D:1)
  2 endoplasms (D:1)
  A goblin (D:1)
  2 jackals (D:1)
  A quokka (D:1)
  3 ball pythons (D:1)
  4 bats
  A rat (D:1)
15 creatures vanquished.

Notes
Turn   | Place    | Note
-------+----------+-------------------------------------------
     0 | D:1      | dave1331 the Hill Orc Fighter began the quest for the Orb.
     0 | D:1      | Reached XP level 1. HP: 19/19 MP: 1/1
   171 | D:1      | Reached XP level 2. HP: 21/27 MP: 2/2
   385 | D:1      | Found Nabevece's Distillery.
   680 | D:2      | Noticed Sigmund
   693 | D:2      | Killed from afar by Sigmund

Illustrated notes

Levels and vault maps discovered:
D:1:      minmay_arrival_hallway, layout_basic, serial_shops, shop
D:2:      layout_basic, hellmonk_ecumenical_altar_run_dry,
          chequers_serial_rivers_marsh, uniq_sigmund, uniq_crazy_yiuf_cottage

Skill      XL: |  1  2 |
---------------+-------+-----
Axes           | 3 |  3.1
Fighting       | |  3.9
Armour         | |  3.5
Shields        | |  3.5

Action                   || total
-------------------------++-------
Melee: War axe           ||    40
Evoke: Wand              ||     2
Armor: Scale mail        ||    31
Dodge: Dodged            ||    17
Block: Buckler           ||    10

Table legend: (Time is in decaauts)
 A = Elapsed time spent in this place.
 B = Non-inter-level travel time spent in this place.
 C = Inter-level travel time spent in this place.
 D = Time resting spent in this place.
 E = Time spent auto-exploring this place.
 F = Levels seen in this place.
 G = Mean time per level.
                   A        B        C        D        E       F      G
               +--------+--------+--------+--------+--------+-----+--------+
         Total |    707 |    189 |    518 |      0 |      0 |   2 |  353.5 |
       Dungeon |    707 |    189 |    518 |      0 |      0 |   2 |  353.5 |
               +--------+--------+--------+--------+--------+-----+--------+

Top non-repeatable levels by time:
     D:1: 658 daAuts
     D:2: 49 daAuts
